 Dungeon Crawl Stone Soup version 0.26.1-11-gd32895ea62 (webtiles) character file.

Game seed: 11673684212293988087

572 txkpbica the Cudgeller (level 7, -5/45 HPs)
             Began as a Gargoyle Fighter on June 4, 2021.
             Was an Initiate of Gozag.
             Slain by a mummy (8 damage)
             ... in an ossuary.
             The game lasted 00:14:24 (3967 turns).

txkpbica the Cudgeller (Gargoyle Fighter)           Turns: 3967, Time: 00:14:24

Health: -5/45      AC: 12    Str: 21    XL:     7   Next: 34%
Magic:  7/7        EV:  7    Int:  9    God:    Gozag
Gold:   312        SH:  9    Dex:  9    Spells: 6/6 levels left

rFire    . . .     SeeInvis .   a - +0 flail
rCold    . . .     Faith    .   c - +0 kite shield
rNeg     + . .     Spirit   .   b - +0 scale mail
rPois    ∞         Reflect  .   n - +0 helmet
rElec    +         Harm     .   (no cloak)
rCorr    .         Rampage  .   (no gloves)
Will     .....                  (no boots)
Stlth    ..........             e - amulet of the acrobat
HPRegen  0.15/turn              o - ring of flight
MPRegen  0.10/turn              (no ring)

@: gold aura
A: negative energy resistance 1, electricity resistance, unbreathing,
petrification resistance, miasma immunity, AC +4
a: Renounce Religion, Evoke Flight, Potion Petition, Call Merchant, Bribe Branch


You were in an ossuary.
You worshipped Gozag.
Gozag was aware of your devotion.
You visited 1 branch of the dungeon, and saw 4 of its levels.
You also visited: Ossuary.

You collected 312 gold pieces.

Inventory:

Hand Weapons
 a - a +0 flail (weapon)
 k - a +0 scythe
Missiles
 m - a throwing net (quivered)
Armour
 b - a +0 scale mail (worn)
 c - a +0 kite shield (worn)
 f - a +0 ring mail
 n - a +0 helmet (worn)
 p - a +0 helmet
Jewellery
 e - an amulet of the acrobat (around neck)
 o - a ring of flight (left hand)
Wands
 u - a wand of enslavement (2)
Scrolls
 i - 2 scrolls of teleportation
 l - 3 scrolls of identify
 q - a scroll of immolation {unknown}
 s - a scroll of remove curse
 t - a scroll of enchant weapon {unknown}
 w - a scroll of magic mapping
Potions
 d - a potion of might
 g - 2 potions of heal wounds {unknown}
 h - a potion of attraction {unknown}
 r - a potion of curing {unknown}


   Skills:
 + Level 5.8 Fighting
 * Level 6.5 Maces & Flails
 - Level 3.2 Armour
 - Level 3.2 Shields


You had 6 spell levels left.
You didn't know any spells.
Your spell library was empty.

Dungeon Overview and Level Annotations

Branches:
Dungeon (4/15)             Temple (0/1) D:4         Ossuary (1/1)

Altars:
Gozag
Nemelex Xobeh


Innate Abilities, Weirdness & Mutations

You are resistant to torment.
Your stone body is resilient. (AC +4)
You are immune to poison.
You resist negative energy. (rN+)
You are resistant to electric shocks. (rElec)
You can survive without breathing.
You are immune to petrification.
You are immune to miasma.


Message History

The mummy is heavily damaged.
You block the mummy's attack. The mummy hits you but does no damage.
You hit the mummy.
The mummy is almost destroyed.
The mummy hits you!
You sock the mummy!
You destroy the mummy!
The mummy barely misses you. The mummy hits you.
You hit the mummy.
The mummy is moderately damaged.
The mummy hits you!
* * * LOW HITPOINT WARNING * * *
The mummy hits you!
* * * LOW HITPOINT WARNING * * *
You sock the mummy!
The mummy is almost destroyed.
It was a potion of magic.
Magic courses through your body. The mummy closely misses you.
The mummy hits you!
You die...
Your body crumbles into a pile of gold.

#####
##...##
#.....#
#.$M..#
#.@M..#
#.....#
#..∩..#
#.....#
#..∩..#
#.....#
#..^^.#
#.^^..#
.^...^.


You could see 2 mummies.

Vanquished Creatures
  Sigmund (D:2)
  A sky beast (D:4)
  2 orc priests
  A hound (D:3)
  An orc wizard (D:4)
  Ijyb (D:4)
  A worker ant (D:4)
  A mummy (Ossuary)
  3 gnolls (D:2)
  4 adders
  An ooze (D:1)
  A worm (D:3)
  2 dart slugs (D:1)
  A leopard gecko (D:3)
  9 orcs
  A ball python (D:2)
  8 bats
  4 giant cockroaches
  6 hobgoblins
  4 jackals
  9 kobolds
  A quokka (D:4)
  A frilled lizard (D:2)
  9 goblins
  5 rats
  A rat zombie (D:4)
79 creatures vanquished.

Notes
Turn   | Place    | Note
-------+----------+-------------------------------------------
     0 | D:1      | txkpbica the Gargoyle Fighter began the quest for the Orb.
     0 | D:1      | Reached XP level 1. HP: 14/14 MP: 1/1
   418 | D:1      | Reached XP level 2. HP: 19/19 MP: 2/2
   614 | D:1      | Reached skill level 3 in Maces & Flails
   673 | D:1      | Reached XP level 3. HP: 24/24 MP: 3/3
  1896 | D:2      | Noticed Sigmund
  1937 | D:2      | Killed Sigmund
  1938 | D:2      | Reached skill level 4 in Maces & Flails
  1938 | D:2      | Reached XP level 4. HP: 3/30 MP: 4/4
  1938 | D:2      | Reached XP level 5. HP: 4/34 MP: 5/5
  2250 | D:2      | Reached skill level 5 in Maces & Flails
  2292 | D:2      | Reached XP level 6. HP: 12/40 MP: 6/6
  2756 | D:2      | Reached skill level 5 in Fighting
  3244 | D:3      | Found a faded altar of an unknown god.
  3257 | D:3      | Became a worshipper of Gozag Ym Sagoz the Greedy
  3345 | D:3      | Found a sparkling altar of Nemelex Xobeh.
  3542 | D:4      | Found a staircase to the Ecumenical Temple.
  3543 | D:4      | Noticed Ijyb
  3616 | D:4      | Killed Ijyb
  3841 | D:4      | Reached skill level 6 in Maces & Flails
  3841 | D:4      | Reached XP level 7. HP: 39/44 MP: 7/7
  3914 | D:4      | Found a sand-covered staircase.
  3953 | Ossuary  | Entered an ossuary
  3965 | Ossuary  | HP: 2/45 [mummy (9)]
  3967 | Ossuary  | Slain by a mummy

Illustrated notes

Levels and vault maps discovered:
D:1:      dpeg_arrival_arbitrary_a, layout_loops_corners,
          chequers_serial_rivers_micro_e, columned_hall_lemuel,
          serial_bayou_pond_b
D:2:      layout_loops_cross, hangedman_decor_slide_cut, uniq_sigmund
D:3:      layout_rooms, lemuel_round_altar, chequers_ecumenical_altar_simple,
          minmay_diced_spiral
D:4:      cheibrodos_pilgrimage, layout_rooms, minmay_temple_entry_crystal_x,
          serial_co_window_serial, co_window_paths_a, co_window_paths_a,
          co_window_corner_a, co_window_corner_a, co_window_paths_b,
          co_window_unsneaky_path_b, co_window_broadway_a, co_window_broadway_a,
          co_window_2corner, co_window_cross_2, co_window_corner_b,
          co_window_unsneaky_path_e, glass_columns_a, glass_columns_a,
          glass_columns_a, enter_ossuary_3, grunt_ministairs_15, uniq_ijyb
Ossuary:  ossuary_the_hunt_dpeg

Skill      XL: |  1  2  3  4  5  6 |
---------------+-------------------+-----
Maces & Flails | 3 4 5 6 |  6.5
Fighting       | 4 5 |  5.8
Armour         | |  3.2
Shields        | |  3.2

Action                   |  1- 3 |  4- 6 |  7- 9 || total
-------------------------+-------+-------+-------++-------
Melee: Flail             |   140 |   151 |    58 ||   349
  Use: Scroll            |       |     3 |       ||     3
       Potion            |       |       |     1 ||     1
Armor: Scale mail        |    88 |    78 |    25 ||   191
Dodge: Dodged            |    78 |    53 |    17 ||   148
Block: Kite shield       |    82 |    85 |    25 ||   192
